 Dungeon Crawl Stone Soup version 0.30-a0-422-g946f4849ff (webtiles) character file.

Game seed: 12851245879308014176

16 McMuffin the Trooper (level 2, -4/27 HPs)
             Began as a Hill Orc Fighter on Dec 8, 2022.
             Slain by Terence
             ... wielding a +0 flail
              (6 damage)
             ... on level 2 of the Dungeon.
             The game lasted 00:04:19 (947 turns).

McMuffin the Trooper (Hill Orc Fighter)              Turns: 947, Time: 00:04:19

Health: -4/27      AC:  9    Str: 18    XL:     2   Next: 54%
Magic:  2/2        EV:  6    Int:  8    God:
Gold:   39         SH:  4    Dex: 10    Spells: 1/1 levels left

rFire   . . .      SeeInvis .    a - +0 war axe
rCold   . . .      Faith    .    c - +0 buckler
rNeg    . . .      Spirit   .    i - +0 chain mail
rPois   .          Reflect  .    (no helmet)
rElec   .          Harm     .    (no cloak)
rCorr   .          Rampage  .    (no gloves)
Will    .....                    (no boots)
Stlth   ..........               (no amulet)
HPRegen 0.24/turn                (no ring)
MPRegen 0.08/turn                (no ring)

@: mighty, about to teleport, weak-willed
A: no striking features
a: no special abilities


You were on level 2 of the Dungeon.
You visited 1 branch of the dungeon, and saw 2 of its levels.

You collected 39 gold pieces.

Inventory:

Hand Weapons
 a - a +0 war axe (weapon)
 f - a +0 sling
Armour
 b - a +0 scale mail
 c - a +0 buckler (worn)
 i - a +0 chain mail (worn)
Potions
 e - a potion of ambrosia {unknown}
 j - a potion of invisibility {unknown}


   Skills:
 + Level 3.8 Fighting
 + Level 2.9 Axes
 + Level 0.3 Ranged Weapons
 + Level 3.5 Armour
 + Level 3.6 Shields


You had one spell level left.
You didn't know any spells.
Your spell library was empty.

Dungeon Overview and Level Annotations

Branches:
Dungeon (2/15)

Altars:

Annotations:
D:2 Terence


Message History

The ball python bites you but does no damage.
The ball python grabs you. The ball python constricts you.
You completely miss the ball python.
The ball python bites you but does no damage.
The ball python constricts you.
You slash the ball python!
You kill the ball python!
Things that are here:
a +0 dagger; a kobold corpse
Found a jewelled chain mail.
Terence the Incautious comes into view.
He is wielding a +0 flail.
Terence shouts!
Terence hits you with a +0 flail.
You closely miss Terence. Terence hits you with a +0 flail.
You barely miss Terence. Terence hits you but does no damage.
Terence screams, "I'm going to kill you!"
Terence hits you with a +0 flail.
You hit Terence but do no damage. Terence hits you but does no damage.
You hit Terence.
Terence is moderately wounded.
Terence hits you but does no damage.
You feel very mighty all of a sudden.
Terence says, "You're history."
Terence hits you with a +0 flail.
You barely miss Terence.
Terence is moderately wounded.
Terence hits you with a +0 flail. x2
* * * LOW HITPOINT WARNING * * *
You barely miss Terence.
Terence is moderately wounded.
Terence barely misses you.
As you read the scroll labelled TYT GOIDDUNK, it crumbles to dust.
Magic quickly surges around you.
It was a scroll of vulnerability.
Terence hits you with a +0 flail.
* * * LOW HITPOINT WARNING * * *
As you read the scroll labelled ZIVENYJOPH, it crumbles to dust.
You feel strangely unstable.
It was a scroll of teleportation.
Terence hits you but does no damage. Terence attacks as you move away!
Terence hits you with a +0 flail.
You die...

...# #.#.# # ##.#.# # #+
♣♣♣##..#.# # ...
#........# # ....
#..##.##.# # ..[..
#........# ##
......###.....##)######.
......@@................
......###.....##.######.
..... #.#.#.##.# #. ....
#........# #. ...
#####.#### ## #' #.# # #


You could see Terence (weak-willed).

Vanquished Creatures
  3 ball pythons
  2 goblins (D:1)
  3 hobgoblins
  4 kobolds
  3 rats (D:1)
15 creatures vanquished.

Vanquished Creatures (others)
  2 plants (D:2)
2 creatures vanquished.

Grand Total: 17 creatures vanquished

Notes
Turn   | Place    | Note
-------+----------+-------------------------------------------
     0 | D:1      | McMuffin the Hill Orc Fighter began the quest for the Orb.
     0 | D:1      | Reached XP level 1. HP: 19/19 MP: 1/1
   398 | D:1      | Reached XP level 2. HP: 6/27 MP: 2/2
   935 | D:2      | Noticed Terence
   947 | D:2      | Slain by Terence

Illustrated notes

Levels and vault maps discovered:
D:1:      wheals_arrival_shading, layout_loops_corners,
          ebering_ecumenical_altar_hall
D:2:      cheibrodos_old_hovel, layout_loops_corners, serial_forest,
          infiniplex_forest_clump_tiny, infiniplex_forest_end_1,
          infiniplex_forest_lined_room_2, infiniplex_forest_clump_cross,
          infiniplex_forest_zigzag_1, infiniplex_forest_end_1, uniq_robin,
          uniq_jessica, uniq_crazy_yiuf_cottage, uniq_terence

Action                   || total
-------------------------++-------
Melee: War axe           ||    44
 Fire: Sling             ||     2
  Use: Scroll            ||     3
       Potion            ||     1
Armor: Scale mail        ||    15
       Chain mail        ||    12
Dodge: Dodged            ||    17
Block: Buckler           ||     7

Table legend: (Time is in decaauts)
 A = Elapsed time spent in this place.
 B = Non-inter-level travel time spent in this place.
 C = Inter-level travel time spent in this place.
 D = Time resting spent in this place.
 E = Time spent auto-exploring this place.
 F = Levels seen in this place.
 G = Mean time per level.
                   A        B        C        D        E       F      G
               +--------+--------+--------+--------+--------+-----+--------+
         Total |    964 |    964 |      0 |     83 |      0 |   2 |  482.0 |
       Dungeon |    964 |    964 |      0 |     83 |      0 |   2 |  482.0 |
               +--------+--------+--------+--------+--------+-----+--------+

Top non-repeatable levels by time:
     D:1: 888 daAuts
     D:2: 76 daAuts
